 Dungeon Crawl Stone Soup version 0.31-a0-229-g1fc7ce93e2 (webtiles) character file.

Game seed: 3705940895239002921

1196 qw the Skirmisher (level 8, 0/49 HPs)
             Began as a Gargoyle Hexslinger on July 6, 2023.
             Slain by an orc wizard
             ... wielding a +0 dagger
              (1 damage)
             ... on level 6 of the Dungeon.
             The game lasted 00:01:55 (4020 turns).

qw the Skirmisher (Gargoyle Hexslinger)             Turns: 4020, Time: 00:01:55

Health: 0/49       AC:  8    Str: 11    XL:     8   Next: 44%
Magic:  9/9        EV: 12    Int: 15    God:
Gold:   193        SH:  0    Dex: 20    Spells: 8/9 levels left

rFire   . . .        Y - +5 shortbow (freeze)
rCold   . . .        (shield currently unavailable)
rNeg    + . .        i - +1 robe {Will+}
rPois   inf          (no helmet)
rElec   +            (no cloak)
rCorr   .            (no gloves)
SInv    +            (no boots)
Will    +....        (no amulet)
Stlth   ++           d - +6 ring of dexterity
HPRegen 0.28/turn    h - ring of see invisible
MPRegen 0.11/turn

%: no passive effects
@: no status effects
A: sickness immunity, AC +5, negative energy resistance 1, electricity
resistance, torment resistance 1, petrification resistance
a: no special abilities


You were on level 6 of the Dungeon.
You visited 1 branch of the dungeon, and saw 6 of its levels.

You collected 349 gold pieces.
You spent 156 gold pieces at shops.


Innate Abilities, Weirdness & Mutations

You are immune to sickness and miasma.
Your stone body is resilient. (AC +5)
You are immune to poison.
You resist negative energy. (rN+)
You are resistant to electric shocks. (rElec)
You are resistant to unholy torment.
You are immune to petrification.


   Skills:
 - Level 5.0 Fighting
 + Level 8.7 Ranged Weapons
 - Level 1.0 Armour
 - Level 2.0 Dodging
 - Level 1.0 Spellcasting
 - Level 2.6 Hexes


You had 8 spell levels left.
You knew the following spells:

 Your Spells              Type           Power      Damage    Failure   Level
a - Slow                  Hex            32%        N/A       9%          1

Your spell library contained the following spells:

 Spells                   Type           Power      Damage    Failure   Level
 Inner Flame              Hex/Fire       4%         N/A       38%         3
 Portal Projectile        Hex/Tloc       8%         N/A       38%         3
 Cause Fear               Hex            4%         N/A       63%         4

Inventory:

Hand Weapons
 Y - a +5 shortbow of freezing (weapon)
Armour
 f - a +0 ring mail
 i - a +1 robe of willpower (worn)
Jewellery
 d - a +6 ring of dexterity (left hand)
 h - a ring of see invisible (right hand)
Scrolls
 k - 4 scrolls of identify
Potions
 a - 2 potions of might
 c - a potion of enlightenment
 e - a potion of curing
 g - 2 potions of resistance

Dungeon Overview and Level Annotations

Branches:
Dungeon (6/15)
 Temple: D:4-7

Altars:
Elyvilon
Fedhas
Kikubaaqudgha
Trog
Uskayaw
The Shining One

Shops:
D:4 (


Message History

You shoot an arrow.
The arrow closely misses the orc warrior.
The arrow hits the orc wizard.
The arrow freezes the orc wizard.
The orc wizard is heavily wounded.
The orc warrior hits you with a +0 war axe!
You shoot an arrow. The arrow hits the orc warrior!
The arrow freezes the orc warrior.
The orc warrior is heavily wounded.
You shoot an arrow.
The arrow completely misses the orc warrior.
The orc wizard gestures at you while chanting.
You resist with almost no effort.
The orc wizard mumbles some strange words.
The orc wizard flickers and vanishes for a moment.
The orc warrior hits you with a +0 war axe.
You shoot an arrow.
The arrow hits the orc warrior but does no damage.
The orc warrior is heavily wounded.
The orc wizard hits you but does no damage.
The orc warrior hits you with a +0 war axe!
You shoot an arrow. The arrow hits the orc warrior.
The arrow freezes the orc warrior.
The orc warrior is heavily wounded.
The orc wizard hits you with a +0 dagger.
The orc warrior hits you with a +0 war axe!
You shoot an arrow. The arrow hits the orc warrior!
The arrow freezes the orc warrior.
The orc warrior is almost dead.
The orc wizard hits you but does no damage. x2
The orc warrior closely misses you.
You shoot an arrow. The arrow hits the orc warrior!
The arrow freezes the orc warrior.
You kill the orc warrior!
The orc wizard hits you but does no damage. x2
You shoot an arrow.
The arrow closely misses the orc wizard.
The orc wizard gestures at you while chanting.
The puff of flame hits you!
The orc wizard hits you with a +0 dagger.
You die...

########
##......##
##.<......##
#..........#
#...@).....#
#..oo......#
#...[......#
#...)......#
##..?.....##
#........#
....".....#
.(.........#


You could see 2 orc wizards.

Vanquished Creatures
  Sigmund (D:3)
  Duvessa (D:6)
  An ice beast (D:5)
  An orc warrior (D:6)
  2 gnoll sergeants (D:5)
  A scorpion (D:5)
  Dowan (D:6)
  6 hounds
  Jessica (D:3)
  12 gnolls
  6 adders
  2 ufetubi
  2 worms (D:2)
  5 dart slugs
  9 orcs
  10 bats
  6 endoplasms
  5 giant cockroaches
  9 goblins
  10 hobgoblins
  5 kobolds
  3 quokkas
  7 ball pythons
  5 frilled lizards
  8 rats
119 creatures vanquished.

Notes
Turn   | Place    | Note
-------+----------+-------------------------------------------
     0 | D:1      | qw the Gargoyle Hexslinger began the quest for the Orb.
     0 | D:1      | Reached XP level 1. HP: 12/12 MP: 2/2
     0 | D:1      | 0 ||| qw: Version: 0.3-a-46-gb1f654a
     0 | D:1      | 0 ||| qw: Game counter: 1430
     0 | D:1      | 0 ||| qw: Melee chars always use a shield: true
     0 | D:1      | 0 ||| qw: God list: Okawaru
     0 | D:1      | 0 ||| qw: Allow faded altars: false
     0 | D:1      | 0 ||| qw: Do Orc after clearing Dungeon:15 true
     0 | D:1      | 0 ||| qw: Do second Lair branch before Depths: true
     0 | D:1      | 0 ||| qw: Lair rune preference: random
     0 | D:1      | 0 ||| qw: Goals: Normal
     0 | D:1      | 0 ||| PLANNING D:1-11
   112 | D:1      | Reached XP level 2. HP: 16/16 MP: 3/3
   199 | D:1      | Reached skill level 3 in Ranged Weapons
   324 | D:1      | Reached XP level 3. HP: 20/21 MP: 4/4
   777 | D:1      | 777 ||| UPGRADING to +0 ring mail.
   787 | D:1      | 787 ||| DROPPING +0 robe.
   788 | D:1      | 788 ||| UPGRADING to +6 ring of dexterity.
   789 | D:1      | 789 ||| READING scroll labelled TODIAW QIAZ.
   790 | D:1      | 790 ||| READING scroll labelled VACIAPUVYM.
   804 | D:1      | 804 ||| READING 2 scrolls labelled UKYHYU JALISO.
   805 | D:1      | 805 ||| READING 3 scrolls labelled IDI USOLODAN.
   806 | D:1      | 806 ||| DRINKING 2 coppery potions.
   807 | D:1      | 807 ||| DROPPING scroll of poison.
   808 | D:1      | 808 ||| DROPPING 2 scrolls of revelation.
  1053 | D:2      | Reached XP level 4. HP: 24/26 MP: 5/5
  1265 | D:2      | Reached skill level 4 in Ranged Weapons
  1381 | D:2      | 1381 ||| Stepping ~*~*~tactically~*~*~ (outnumbered).
  1389 | D:2      | Reached skill level 1 in Armour
  1536 | D:2      | 1536 ||| UPGRADING to ring of see invisible.
  1537 | D:2      | 1537 ||| READING scroll labelled FOZUPI HEAB.
  1538 | D:2      | 1538 ||| READING scroll labelled SEYZXI DYZAD.
  1541 | D:2      | 1541 ||| DRINKING 2 viscous golden potions.
  1542 | D:2      | 1542 ||| DRINKING 2 dark potions.
  1543 | D:2      | 1543 ||| DRINKING 2 inky potions.
  1544 | D:2      | 1544 ||| READING 3 scrolls of identify.
  1544 | D:2      | 1544 ||| IDENTIFYING pink potion
  1545 | D:2      | 1545 ||| DROPPING potion of magic.
  1546 | D:2      | 1546 ||| DROPPING potion of brilliance.
  1683 | D:3      | Noticed Sigmund
  1698 | D:3      | Killed Sigmund
  1699 | D:3      | Reached skill level 6 in Ranged Weapons
  1699 | D:3      | Reached XP level 5. HP: 24/30 MP: 6/6
  1699 | D:3      | Reached XP level 6. HP: 28/35 MP: 7/7
  1898 | D:3      | You fall into a shaft and drop 2 floors!
  1898 | D:5      | Entered Level 5 of the Dungeon
  1934 | D:5      | Reached skill level 3 in Fighting
  2051 | D:5      | 2051 ||| FLEEEEING.
  2052 | D:5      | 2052 ||| FLEEEEING.
  2062 | D:5      | 2062 ||| STAIRDANCE
  2120 | D:4      | 2120 ||| READING 3 scrolls of identify.
  2120 | D:4      | 2120 ||| IDENTIFYING orange potion
  2174 | D:3      | Found a bloodstained altar of Trog.
  2177 | D:3      | Found a glowing golden altar of the Shining One.
  2179 | D:3      | Found an ancient bone altar of Kikubaaqudgha.
  2181 | D:3      | Found a blossoming altar of Fedhas.
  2257 | D:3      | Noticed Jessica
  2259 | D:3      | Killed Jessica
  2412 | D:3      | 2412 ||| UPGRADING to +1 robe of willpower.
  2422 | D:3      | 2422 ||| DRINKING 2 blue potions.
  2477 | D:4      | Reached XP level 7. HP: 36/43 MP: 8/8
  2519 | D:4      | 2519 ||| FLEEEEING.
  2759 | D:4      | Found Toqoar's Antique Weapon Shop.
  2763 | D:4      | 2763 ||| BUYING glowing shortbow (156 gold).
  2763 | D:4      | Bought a glowing shortbow for 156 gold pieces
  2763 | D:4      | 2763 ||| SWAPPING to +4 shortbow of freezing.
  2764 | D:4      | 2764 ||| DROPPING +1 sling.
  2810 | D:4      | 2810 ||| READING scroll labelled CAJAUT OZYNAE.
  2914 | D:5      | 2914 ||| FLEEEEING.
  2916 | D:5      | Reached skill level 7 in Ranged Weapons
  2916 | D:5      | 2916 ||| FLEEEEING.
  2917 | D:5      | 2917 ||| FLEEEEING.
  2918 | D:5      | 2918 ||| FLEEEEING.
  2919 | D:5      | 2919 ||| FLEEEEING.
  2920 | D:5      | 2920 ||| FLEEEEING.
  2921 | D:5      | 2921 ||| FLEEEEING.
  2922 | D:5      | 2922 ||| FLEEEEING.
  2923 | D:5      | 2923 ||| FLEEEEING.
  2924 | D:5      | 2924 ||| FLEEEEING.
  2925 | D:5      | 2925 ||| FLEEEEING.
  2926 | D:5      | 2926 ||| FLEEEEING.
  2927 | D:5      | 2927 ||| FLEEEEING.
  2928 | D:5      | 2928 ||| FLEEEEING.
  2929 | D:5      | 2929 ||| FLEEEEING.
  2930 | D:5      | 2930 ||| FLEEEEING.
  2931 | D:5      | 2931 ||| FLEEEEING.
  2932 | D:5      | 2932 ||| FLEEEEING.
  2933 | D:5      | 2933 ||| FLEEEEING.
  2934 | D:5      | 2934 ||| FLEEEEING.
  2935 | D:5      | 2935 ||| FLEEEEING.
  2936 | D:5      | 2936 ||| FLEEEEING.
  2937 | D:5      | 2937 ||| FLEEEEING.
  2938 | D:5      | 2938 ||| FLEEEEING.
  2978 | D:5      | HP: 8/43 [gnoll sergeant/+4 vampiric spear (6)]
  2979 | D:5      | 2979 ||| DRINKING potion of heal wounds.
  2988 | D:5      | 2988 ||| FLEEEEING.
  2989 | D:5      | 2989 ||| FLEEEEING.
  2990 | D:5      | 2990 ||| FLEEEEING.
  2991 | D:5      | 2991 ||| FLEEEEING.
  2992 | D:5      | 2992 ||| FLEEEEING.
  2993 | D:5      | 2993 ||| FLEEEEING.
  2994 | D:5      | 2994 ||| FLEEEEING.
  2995 | D:5      | 2995 ||| FLEEEEING.
  2996 | D:5      | 2996 ||| FLEEEEING.
  2997 | D:5      | 2997 ||| FLEEEEING.
  2998 | D:5      | 2998 ||| FLEEEEING.
  2999 | D:5      | 2999 ||| FLEEEEING.
  3000 | D:5      | 3000 ||| FLEEEEING.
  3001 | D:5      | 3001 ||| FLEEEEING.
  3002 | D:5      | 3002 ||| FLEEEEING.
  3003 | D:5      | 3003 ||| FLEEEEING.
  3004 | D:5      | 3004 ||| FLEEEEING.
  3005 | D:5      | 3005 ||| FLEEEEING.
  3006 | D:5      | 3006 ||| STAIRDANCE
  3092 | D:5      | 3092 ||| STAIRDANCE
  3281 | D:5      | Found a white marble altar of Elyvilon.
  3311 | D:5      | Reached XP level 8. HP: 48/48 MP: 9/9
  3389 | D:5      | Reached skill level 8 in Ranged Weapons
  3693 | D:5      | Found a hide-covered altar of Uskayaw.
  3977 | D:5      | 3977 ||| READING scroll labelled JURUSKEUZA.
  4000 | D:6      | Noticed Duvessa
  4000 | D:6      | Noticed Dowan
  4005 | D:6      | Killed Duvessa
  4012 | D:6      | Killed Dowan
  4017 | D:6      | HP: 10/49 [orc warrior/+0 war axe (9)]
  4020 | D:6      | HP: 1/49 [orc wizard/puff of flame (10)]
  4020 | D:6      | Slain by an orc wizard

Levels and vault maps discovered:
D:1:      shiori_arrival_oz, layout_basic, st_stairs_9, minmay_tall_x
D:2:      layout_basic, minmay_quantized
D:3:      layout_basic, nicolae_overflow_macrodata_refinement,
          kennysheep_path_1, uniq_sigmund, uniq_jessica
D:4:      layout_basic, serial_shops, shop
D:5:      layout_loops_corners, lemuel_coloured_pillars_altar,
          amcnicky_altar_gilded
D:6:      layout_rooms, uniq_duvessa

Skill      XL: |  1  2  3  4  5  6  7  8 |
---------------+-------------------------+-----
Ranged Weapons | 3 6 7 8 |  8.7
Fighting       | 2 4 5 |  5.0
Armour         | 1 |  1.0
Dodging        | 2 |  2.0
Spellcasting   | |  1.0
Hexes          | |  2.6

Action                     |  1- 3 |  4- 6 |  7- 9 || total
---------------------------+-------+-------+-------++-------
   Fire: Sling             |   133 |   138 |    42 ||   313
         Shortbow          |       |       |   101 ||   101
    Use: Scroll            |     4 |     4 |     2 ||    10
         Potion            |     1 |     4 |     1 ||     6
 Armour: Robe              |    18 |       |    33 ||    51
         Ring mail         |     8 |    36 |       ||    44
  Dodge: Dodged            |    24 |    44 |    41 ||   109

Table legend:
 A = Non-vault XP
 B = Vault XP
 C = Vault XP percentage of total XP
 D = Non-vault monster count
 E = Vault monster count
 F = Vault count percentage of total count
                 A         B        C        D         E       F
            +---------+---------+-------+---------+---------+-------
      Total |    1207 |     502 |  29.4 |     103 |      16 |  13.4
            +---------+---------+-------+---------+---------+-------
        D:1 |      36 |      17 |  32.1 |      23 |       8 |  25.8
        D:2 |      68 |       6 |   8.1 |      19 |       4 |  17.4
        D:3 |      37 |     268 |  87.9 |      20 |       2 |   9.1
        D:4 |     174 |       0 |   0.0 |      17 |       0 |   0.0
        D:5 |     767 |       0 |   0.0 |      23 |       0 |   0.0
        D:6 |     125 |     211 |  62.8 |       1 |       2 |  66.7
            +---------+---------+-------+---------+---------+-------
